 Dungeon Crawl Stone Soup version 0.30-b1-7-gcb88a99046 (webtiles) character file.

Game seed: 14971948616958536598

332 KittyFluff the Cudgeller (level 6, -6/39 HPs)
             Began as a Gargoyle Berserker on May 5, 2023.
             Was a Priest of Trog.
             Mangled by a gnoll
             ... wielding a +0 halberd
              (7 damage)
             ... on level 3 of the Dungeon.
             The game lasted 00:10:16 (2518 turns).

KittyFluff the Cudgeller (Gargoyle Berserker)       Turns: 2518, Time: 00:10:16

Health: -6/39      AC:  7    Str: 21    XL:     6   Next: 52%
Magic:  6/6        EV: 12    Int:  7    God:    Trog [***...]
Gold:   185        SH:  3    Dex: 11    Spells: 5/5 levels left

rFire   . . .        a - +0 mace
rCold   . . .        k - +0 buckler
rNeg    + . .        b - +0 animal skin
rPois   ∞            (no helmet)
rElec   +            (no cloak)
rCorr   .            n - +0 pair of gloves
SInv    .            (no boots)
Will    +....        (no amulet)
Stlth   +            j - ring of willpower
HPRegen 0.26/turn    (no ring)
MPRegen 0.10/turn

%: no passive effects
@: no status effects
A: sickness immunity, AC +4, negative energy resistance 1, electricity
resistance, torment resistance 1, petrification resistance
a: Renounce Religion, Berserk, Trog's Hand


You were on level 3 of the Dungeon.
You worshipped Trog.
Trog was most pleased with you.
You visited 1 branch of the dungeon, and saw 3 of its levels.

You collected 185 gold pieces.

Inventory:

Hand Weapons
 a - a +0 mace (weapon)
 x - a +0 sling
Missiles
 q - 4 poisoned darts (quivered)
Armour
 b - a +0 animal skin (worn)
 k - a +0 buckler (worn)
 n - a +0 pair of gloves (worn)
 r - an orb of light
Jewellery
 j - a ring of willpower (left hand)
Wands
 s - a wand of quicksilver (10)
 w - a wand of paralysis (2)
Scrolls
 c - a scroll of fear {unknown}
 d - a scroll of silence {unknown}
 f - 5 scrolls of identify {unknown}
 l - 3 scrolls of enchant armour {unknown}
 m - 2 scrolls of immolation {unknown}
Potions
 e - 3 potions of ambrosia {unknown}
 g - a potion of degeneration {unknown}
 h - 4 potions of curing {unknown}
 i - 2 potions of cancellation {unknown}
 o - a potion of brilliance {unknown}
 p - a potion of heal wounds {unknown}
 t - a potion of invisibility {unknown}
 u - a potion of haste {unknown}
 v - a potion of berserk rage {unknown}


   Skills:
 + Level 4.4 Fighting
 + Level 5.4 Maces & Flails
 + Level 2.2 Armour
 + Level 2.8 Dodging
 + Level 1.1 Stealth
 + Level 1.2 Shields


You had 5 spell levels left.
You didn't know any spells.
Your spell library was empty.

Dungeon Overview and Level Annotations

Branches:
Dungeon (3/15)

Altars:
Fedhas
Nemelex Xobeh
Qazlal

Shops:
D:1 =


Innate Abilities, Weirdness & Mutations

You are immune to sickness and miasma.
Your stone body is resilient. (AC +4)
You are immune to poison.
You resist negative energy. (rN+)
You are resistant to electric shocks. (rElec)
You are resistant to unholy torment.
You are immune to petrification.


Message History

The gnoll is severely wounded.
The gnoll hits you with a +0 halberd!
You barely miss the gnoll.
The gnoll is severely wounded.
The gnoll hits you with a +0 halberd!
A gnoll comes into view. It is wielding a +0 halberd.
The gnoll hits you with a +0 halberd!
You barely miss the gnoll.
The gnoll is severely wounded.
The gnoll hits you but does no damage.
The gnoll shouts!
You hit the gnoll.
The gnoll is severely wounded.
The gnoll hits you with a +0 halberd.
You completely miss the gnoll.
The gnoll is severely wounded.
The gnoll hits you with a +0 halberd.
* * * LOW HITPOINT WARNING * * *
You hit the gnoll.
You kill the gnoll!
Trog accepts your kill. The gnoll closely misses you.
You see here a +0 halberd.
The gnoll hits you with a +0 halberd.
* * * LOW HITPOINT WARNING * * *
You hit the gnoll.
The gnoll is lightly wounded.
The gnoll hits you with a +0 halberd!
* * * LOW HITPOINT WARNING * * *
The gnoll barely misses you.
You barely miss the gnoll.
The gnoll is lightly wounded.
The gnoll barely misses you.
You hit the gnoll.
The gnoll is moderately wounded.
The gnoll barely misses you.
You barely miss the gnoll.
The gnoll is moderately wounded.
The gnoll hits you with a +0 halberd!
You die...

#.####.#.##### #....
##########....#.#... .. .##....
..##............#.###.# .......
..##.#####............# #######
..##.# #...##.#.#...#
..##.##########.#.#...#
>.....................# #
.###.##########.#.....### #.##
..............))@g....... ....
.###.##########.###...### # .#
#.# #.# ...## # .# #.# #.. ....#
# .# #.##############....### # .#
#...................... #.
.#################..##....#####..
.#...#...........#..# #..##...#
.....#.#########.#..# .###.##.###


You could see a gnoll.

Vanquished Creatures
  Sigmund (D:3)
  Jessica (D:3)
  3 gnolls (D:3)
  2 adders (D:3)
  3 worms
  4 dart slugs
  9 orcs (D:3)
  4 endoplasms
  A giant cockroach (D:2)
  4 hobgoblins
  6 jackals
  6 kobolds
  3 quokkas
  9 ball pythons
  7 bats
  3 frilled lizards (D:1)
  4 goblins
  7 rats
77 creatures vanquished.

Vanquished Creatures (others)
  4 fungi (D:3)
  21 plants
25 creatures vanquished.

Grand Total: 102 creatures vanquished

Notes
Turn   | Place    | Note
-------+----------+-------------------------------------------
     0 | D:1      | KittyFluff the Gargoyle Berserker began the quest for the
                  | Orb.
     0 | D:1      | Reached XP level 1. HP: 14/14 MP: 1/1
    65 | D:1      | Reached XP level 2. HP: 17/19 MP: 2/2
   221 | D:1      | Found Hisycsuoroa's Jewellery Emporium.
   482 | D:1      | Reached XP level 3. HP: 24/24 MP: 3/3
   812 | D:2      | Reached ** piety under Trog
  1302 | D:2      | Reached XP level 4. HP: 29/29 MP: 4/4
  1508 | D:3      | Noticed Sigmund
  1521 | D:3      | Killed Sigmund
  1522 | D:3      | Reached skill level 4 in Maces & Flails
  1522 | D:3      | Reached skill level 1 in Stealth
  1522 | D:3      | Reached XP level 5. HP: 12/33 MP: 5/5
  1522 | D:3      | Reached XP level 6. HP: 14/38 MP: 6/6
  1630 | D:3      | Noticed Jessica
  1634 | D:3      | Killed Jessica
  1635 | D:3      | Reached skill level 5 in Maces & Flails
  1667 | D:3      | Found a faded altar of an unknown god.
  1850 | D:3      | Found a sparkling altar of Nemelex Xobeh.
  2341 | D:3      | Found a blossoming altar of Fedhas.
  2347 | D:3      | Found a stormy altar of Qazlal.
  2482 | D:3      | Reached *** piety under Trog
  2502 | D:3      | Reached skill level 1 in Shields
  2515 | D:3      | HP: 1/39 [gnoll/+0 halberd (7)]
  2518 | D:3      | Mangled by a gnoll

Illustrated notes

Levels and vault maps discovered:
D:1:      scummos_arrival_star, layout_loops_ring, serial_shops, shop,
          serial_forest, infiniplex_forest_clump_curved,
          infiniplex_forest_lined_room_3, infiniplex_forest_clump_curved,
          infiniplex_forest_lined_corner, infiniplex_forest_lined_3_way,
          minmay_tromino_v4_a
D:2:      layout_loops_cross, minivault_19, minmay_indecisive_spiral
D:3:      layout_basic, grunt_temple_overflow_forces_of_nature,
          nicolae_elyvilon_temple_path, mainiacjoe_overflow_alcove_1,
          shapermc_ecumenical_altar_acropolis, uniq_jessica, uniq_sigmund

Skill      XL: |  1  2  3  4  5  6 |
---------------+-------------------+-----
Dodging        | 2 |  2.8
Fighting       | 4 |  4.4
Maces & Flails | 4 5 |  5.4
Stealth        | 1 |  1.1
Shields        | 1 |  1.2
Armour         | |  2.2

Action                     |  1- 3 |  4- 6 || total
---------------------------+-------+-------++-------
  Melee: Mace              |   152 |   123 ||   275
         Punch             |     1 |       ||     1
  Throw: Dart              |       |     1 ||     1
 Armour: Animal skin       |    61 |    32 ||    93
  Dodge: Dodged            |    95 |    63 ||   158
  Block: Buckler           |    11 |    14 ||    25
